Unix NetHack Version 5.0.0-0 post-release - last build May 10 2026 23:12:36 (d1fa5d53e341ca933230fdaa984d921c805b60aa,branch:main).

Game began 2026-05-11 03:39:54, ended 2026-05-11 20:19:46.

Gary, lawful male human Samurai

  ---           ---------
  |<..--   ------.......--    -------                       ---------------
  |.....-- |.........--..|    |.....|                       |.............|
   -..|....|.---------|..|    |.._..|                       -|---.--.----+-
    -.|-.....----     |..|    |..*..|   -----         ---  |..|...|-.|
    --- ........|     |..--   ---*---  |.)-.|        |..---|..|--|-..---
         -.|....|     -...--    |.|    |..|.|     --+-.....-|--........--+-
             -..|  ..|.....---- |.|    |..|.|-- --......--.......)).......|
      ------ |..| ............---.--    --|)...||.......-|..--------|--..--
      |%.%%| --.| ...---..........@-----  |.|..||...{...    |...!.....|..-
      |....|  |.| .....|...|.......a...---|.|..| -......    |]..**)..(|...
      ---|--  --|-....- --- -...---......-|%|------....---  ---------------
   --- --.---...-|...-|..|..|-...|..---...|.--..|...|....|------ |.......|
   |..|-.........-----|..|..|--.....|-....|........---...-|.(.]| |.-------
   |..-...............-|---|-----..-|..........--....|-...-..(.| |.|...-.
    ---.....{....----..)..........---...G.......|-...|...-|((..| |.|...|
    .............-- --|--.--------|.........--..| .......|------ |.--|-|
    -----.........| |.).|.|.(.!|  --.......- ----   |....|--------.....|
         -..------- |...|.-.(.(|     -...---        |...--......|...{..+
         ----       --- --|.((.|                    --.....----........|
                          ------                     -------  ----------
Gary the Ninja         St:12 Dx:17 Co:18 In:9 Wi:11 Ch:7  Lawful S:3451
Dlvl:7  $:203 HP:0(72) Pw:34(34) AC:-1 Xp:7/737 T:3386  Burdened

Latest messages:
 You see here 4 darts.
 You see here 4 darts.
 You swap places with Grumpy.
 You see here a dart.
 You see here a dart.
 You hit the soldier ant!
 The soldier ant misses!
 The soldier ant stings!
 You miss the soldier ant.
 The soldier ant misses!
 The soldier ant stings!
 The soldier ant just misses!
 The soldier ant misses!
 The soldier ant misses!
 The soldier ant stings!
 The soldier ant bites!
 The soldier ant misses!
 You miss the soldier ant.
 The soldier ant bites!
 The soldier ant misses!
 You kill the soldier ant!
 You hear the splashing of a naiad.
 The soldier ant misses!
 The soldier ant stings!
 The soldier ant's sting was poisoned!
 You hear some noises.
 You swap places with the peaceful watchman.
 The mountain nymph pretends to be friendly.
 The mountain nymph pretends to be friendly.
 Grumpy bites the mountain nymph.
 The mountain nymph pretends to be friendly to Grumpy.
 The mountain nymph smiles at Grumpy engagingly.
 The mountain nymph stole 2 cursed potions called blind/gain en/invis/mon det/obj det.
 The mountain nymph vanishes!
 It bites the soldier ant.
 The soldier ant bites it.
 The soldier ant stings it.
 The soldier ant bites!
 The soldier ant stings!
 What do you want to zap? [o or ?*] o
 In what direction?
 The wand misses the soldier ant.
 The soldier ant misses!
 The soldier ant stings!
 You hit the soldier ant!
 The soldier ant misses!
 The soldier ant misses!
 The soldier ant misses!
 The soldier ant stings!
 You die...

Inventory:
 Coins    ('$')
  $ - 203 gold pieces
 Weapons  (')')
  d - 39 +0 ya (in quiver)
  c - a +0 yumi (alternate weapon; not wielded)
  a - a +0 katana
  b - a +0 wakizashi
  S - the rustproof +0 Snickersnee (weapon in right hand)
 Armor    ('[')
  u - an uncursed +0 orcish helm (being worn)
  J - an uncursed +0 pair of iron shoes (being worn)
  f - an uncursed +0 shield of reflection (being worn)
  e - an uncursed rustproof +0 splint mail (being worn)
 Comestibles  ('%')
  m - 3 uncursed gunyoki
  T - 3 uncursed lembas wafers
  I - an uncursed egg
  l - an uncursed lizard corpse
 Scrolls  ('?')
  D - an uncursed scroll of confuse monster
  E - an uncursed scroll of create monster
  r - an uncursed scroll of fire
  A - a cursed scroll of gold detection
  z - a blessed scroll of identify
  n - 3 uncursed scrolls of identify
  j - a cursed scroll of identify
  t - an uncursed scroll of scare monster
  L - a blessed scroll of teleportation
 Potions  ('!')
  q - a blessed potion of gain energy
  h - 3 blessed potions of healing
  O - an uncursed potion of object detection
  K - an uncursed potion of water
 Rings    ('=')
  M - an uncursed ring of regeneration
  i - an uncursed ring of slow digestion
 Wands    ('/')
  o - a wand of striking (0:5)
 Tools    ('(')
  H - a bag of tricks (0:3)
  B - an uncursed blindfold
  x - a magic marker (0:89)
  w - an uncursed magic whistle
  k - an uncursed skeleton key
  s - an uncursed stethoscope
  F - an uncursed partly used tallow candle
  G - an uncursed partly used tallow candle
 Gems/Stones  ('*')
  p - an uncursed worthless piece of orange glass

Gary the Samurai's attributes:

Background:
 You were a Ninja, a level 7 male human Samurai.
 You were lawful, on a mission for Amaterasu Omikami
 who was opposed by Raijin (neutral) and Susanowo (chaotic).
 You were right-handed.
 You were in the Gnomish Mines, on level 7.
 You entered the dungeon 3386 turns ago.
 You had 737 experience points, 543 more were needed to attain level 8.
 Your score was 3451 before end-of-game adjustments.

Basics:
 You had 0 out of 72 hit points.
 You had all 34 energy points (spell power).
 Your armor class was -1.
 Your wallet contained 203 zorkmids.
 Autopickup was on for '$' plus thrown.

Final Characteristics:
 Your strength was 12 (limit:18/100).
 Your dexterity was 17 (peak:18, limit:18).
 Your constitution was 18 (limit:18).
 Your intelligence was 9 (limit:18).
 Your wisdom was 11 (limit:18).
 Your charisma was 7 (limit:18).

Final Status:
 You weren't hungry.
 You were burdened; movement was slightly slowed.
 You were wielding a long sword.
 You were skilled in long sword.

Final Attributes:
 You were piously aligned.
 You were warded.
 You were fast.
 You had reflection.
 You were lucky.
 You are dead.

Miscellaneous:
 You didn't encounter any bones levels.
 Total elapsed playing time was 53 minutes and 17 seconds.

Major events:
 Turn
    1: Gary the lawful male human Samurai entered the dungeon
  997: attained the rank of Ronin (level 3)
 1476: entered the Gnomish Mines
 2063: reached Mine Town
 2204: attained the rank of Ninja (level 6)
 3008: was bestowed with Snickersnee by Amaterasu Omikami
 3386: killed by a soldier ant

You didn't know any spells.

Skills:
 Fighting Skills
   martial arts      [Basic]
   two weapon combat [Unskilled]
   riding            [Unskilled]
 Weapon Skills
   dagger            [Unskilled]
   knife             [Unskilled]
   short sword       [Basic]
   broadsword        [Unskilled]
   long sword        [Skilled]
   two-handed sword  [Unskilled]
   saber             [Unskilled]
   flail             [Unskilled]
   quarterstaff      [Unskilled]
   polearms          [Unskilled]
   spear             [Unskilled]
   lance             [Unskilled]
   bow               [Basic]
   shuriken          [Unskilled]
 Spellcasting Skills
   attack spells     [Unskilled]
   divination spells [Unskilled]
   clerical spells   [Unskilled]

Voluntary challenges:
 Character rerolling was not enabled.
 You were illiterate.
 You never genocided any monsters.
 You never polymorphed an object.
 You never changed form.
 You used no wishes.
Achievements:
 You entered a shop.
 You attained the rank of Ronin.
 You entered the Gnomish Mines.
 You entered Minetown.
 You entered a temple.
 You attained the rank of Ninja.

 The Dungeons of Doom: levels 1 to 6
    Level 1:
       A fountain.
    Level 2:
       Some fountains.
    Level 3:
       A ring shop, a fountain.
       Stairs down to The Gnomish Mines.
    Level 4:
       A general store, a fountain.
    Level 5:
       A fountain, a grave.
    Level 6:
       A fountain, a grave.
 The Gnomish Mines: levels 4 to 7
    Level 4:
    Level 5:
    Level 6:
    Level 7: <- You were here.
       Many shops, a temple and an altar to Amaterasu Omikami, many fountains.
       Final resting place for
          you, killed by a soldier ant.


Vanquished creatures:
  2 small mimics
  a lizard
  a raven
  a soldier ant
  a water nymph
  a pony
  a yellow light
  7 gnome leaders
  2 gnomish wizards
  a little dog
  a floating eye
  a kitten
  a dwarf
  2 rothes
  a monkey
 an iguana
  6 killer bees
  a large kobold
 26 gnomes
  2 geckos
  a jackal
  a fox
  a kobold
  2 goblins
  2 sewer rats
  2 grid bugs
  2 lichens
  2 kobold zombies
  a newt
74 creatures vanquished.

No species were genocided or became extinct.

Game over:
                       ----------
                      /          \
                     /    REST    \
                    /      IN      \
                   /     PEACE      \
                  /                  \
                  |       Gary       |
                  |      203 Au      |
                  |   killed by a    |
                  |   soldier ant    |
                  |                  |
                  |                  |
                  |       2026       |
                 *|     *  *  *      | *
        _________)/\\_//(\/(/\)/\//\/|_)_______

Sayonara Gary the Samurai...

You died in The Gnomish Mines on dungeon level 7 with 3431 points,
and 203 pieces of gold, after 3386 moves.
You were level 7 with a maximum of 72 hit points when you died.

